 Dungeon Crawl Stone Soup version 0.21-a0-426-g98080a9 (webtiles) character file.

10074 GoodRolls the Destroyer (level 11, -5/64 HPs)
             Began as a Tengu Fire Elementalist on Nov 7, 2017.
             Was a High Priest of Vehumet.
             Slain by a skeletal warrior
             ... wielding a cursed -1 scimitar
             ... led by a skeletal warrior
              (29 damage)
             ... on level 11 of the Dungeon.
             The game lasted 00:31:56 (12367 turns).

GoodRolls the Destroyer (Tengu Fire Elementalist)  Turns: 12367, Time: 00:31:57

Health: -5/64      AC:  6    Str:  9    XL:     11   Next: 56%
Magic:  10/22      EV: 23    Int: 16    God:    Vehumet [*****.]
Gold:   565        SH:  0    Dex: 17    Spells: 6/24 levels left

rFire    . . .     SeeInvis .   k - +1 halberd (freeze)
rCold    . . .     Gourm    .   (shield currently unavailable)
rNeg     . . .     Faith    +   D - +2 robe {MR+}
rPois    .         Spirit   .   (helmet restricted)
rElec    .         Reflect  .   n - +0 cloak
rCorr    .         Harm     .   (no gloves)
MR       +....                  (boots unavailable)
Stlth    ++........             h - amulet of faith
HPRegen  0.20/turn              l - +5 ring of evasion
MPRegen  0.18/turn              v - +1 ring of protection

@: no status effects
A: beak, talons 3, able to fly 1
a: Fly, Renounce Religion


You were on level 11 of the Dungeon.
You worshipped Vehumet.
Vehumet was extremely pleased with you.
You were hungry.

You visited 2 branches of the dungeon, and saw 12 of its levels.

You collected 565 gold pieces.

Inventory:

Hand Weapons
 k - a +1 halberd of freezing (weapon)
Missiles
 z - a throwing net (quivered)
Armour
 n - a +0 cloak (worn)
 D - a +2 robe of magic resistance (worn)
Jewellery
 h - an amulet of faith (around neck)
 l - a +5 ring of evasion (left hand)
 t - an uncursed ring of positive energy
 v - a +1 ring of protection (right hand)
Wands
 a - a wand of digging (10/24)
 E - a wand of scattershot (4/9)
 M - a wand of digging (12/24)
Scrolls
 f - 2 scrolls of fog
 m - 3 scrolls of teleportation
 s - 7 scrolls of remove curse
 x - 2 scrolls of blinking
 H - a scroll of magic mapping
 I - a scroll of identify
 J - a scroll of amnesia
 K - 2 scrolls of enchant weapon
Potions
 e - a potion of cancellation
 g - 2 potions of resistance
 j - a potion of brilliance
 o - a potion of might
 p - 4 potions of heal wounds
 q - a potion of invisibility {unknown}
 r - a potion of agility
 u - 2 potions of curing {unknown}
 w - a potion of ambrosia {unknown}
 A - a potion of mutation {unknown}
 C - 3 potions of lignification {unknown}
Books
 y - a book of Maledictions

   Spells                             Type                      Level
   a - Corona                         Hexes                        1
   b - Ensorcelled Hibernation        Hexes/Ice                    2
   c - Confuse                        Hexes                        3
   d - Tukima's Dance                 Hexes                        3
   e - Dazzling Spray                 Conjuration/Hexes            3
 B - a book of Misfortune

   Spells                             Type                      Level
   a - Confusing Touch                Hexes                        1
   b - Confuse                        Hexes                        3
   c - Gell's Gravitas                Translocation                3
   d - Petrify                        Transmutation/Earth          4
   e - Metabolic Englaciation         Hexes/Ice                    5
   f - Yara's Violent Unravelling     Hexes/Transmutation          5
 G - a book of Debilitation

   Spells                             Type                      Level
   a - Corona                         Hexes                        1
   b - Slow                           Hexes                        2
   c - Inner Flame                    Hexes/Fire                   3
   d - Portal Projectile              Hexes/Translocation          3
   e - Cause Fear                     Hexes                        4
   f - Leda's Liquefaction            Hexes/Earth                  4
Comestibles
 c - 7 bread rations
 d - 3 royal jellies
 i - 7 meat rations
 F - 5 fruits


   Skills:
 + Level 6.0 Fighting
 - Level 9.0 Dodging
 - Level 2.0 Stealth
 - Level 7.0 Spellcasting
 - Level 11.1 Conjurations
 - Level 11.0 Fire Magic


You had 6 spell levels left.
You knew the following spells:

 Your Spells              Type           Power        Failure   Level  Hunger
a - Flame Tongue          Conj/Fire      #####        1%          1    None
b - Throw Flame           Conj/Fire      #####.       1%          2    None
c - Conjure Flame         Conj/Fire      #####...     1%          3    ##.....
d - Inner Flame           Hex/Fire       ###.....     1%          3    ##.....
e - Sticky Flame          Conj/Fire      #####...     1%          4    ####...
f - Fireball              Conj/Fire      #####.....   1%          5    #####..


Dungeon Overview and Level Annotations

Branches:
Dungeon (11/15)            Temple (1/1) D:5            Lair (0/6) D:10
    Orc (0/2) D:10

Altars:
Ashenzari
Dithmenos
Makhleb
Qazlal
Uskayaw
Vehumet
The Shining One

Annotations:
D:10 Mahakala's ghost, novice TrBe


Innate Abilities, Weirdness & Mutations

You have a beak for a mouth.
You have claws for feet.
You can fly.


Message History

The skeletal warrior burns!
The skeletal warrior burns!
The skeletal warrior burns!
The skeletal warrior burns!
The skeletal warrior burns!
The skeletal warrior burns!
The skeletal warrior burns!
The skeletal warrior burns!
The skeletal warrior stops burning.
Casting: Sticky Flame
Confirm with . or Enter, or press ? or * to list all spells.
Aiming: Sticky Flame
Press: ? - help, Shift-Dir - straight line, f/p - skeletal warrior
Aim: a skeletal warrior, wielding a scimitar (almost destroyed)
The sticky flame hits the skeletal warrior.
The skeletal warrior appears unharmed.
The skeletal warrior is almost destroyed.
The skeletal warrior is covered in liquid flames!
The skeletal warrior burns!
The skeletal warrior hits you with a scimitar!!
You die...

#################################
.................................
.................................
...........###....###............
...........###....# #...####.....
.............)....# #...# #.....
..................# #...####.....
..................###............
............z..z@................
..(..............####'#######....
.......###########,,..,,,,,,####'
.......#,,,,,,,,,*,.>.,,,,,,*#...
.......#,,,,,,,,,+,,,,,,,,,,*#...
.......#,,,,,,,,,*,,,,,,,,,,*#...
####.z.#,,,,,,,,,*,,,,,,,,,,*#...
# #...#,,,,,,,,,*,,,,>,,,,,*#...
####...#,,,,,,,,,*,,,,,,,,,,*#...


You could see 2 skeletal warriors.

Vanquished Creatures
  A tengu warrior (D:8)
  A cyclops (D:11)
  A manticore (D:10)
  Maurice (D:9)
  2 trolls
  A hornet (D:9)
  5 hippogriffs
  Prince Ribbit (D:7)
  4 yaks (D:9)
  4 hungry ghosts
  Menkaure (D:7)
  A water moccasin (D:10)
  Duvessa (D:7)
  2 phantoms
  2 orc warriors
  An eye of draining (D:11)
  3 sky beasts
  7 ogres
  2 wolves (D:10)
  4 centaurs
  2 necrophages
  A big kobold (D:10)
  12 bullfrogs
  Dowan (D:7)
  2 scorpions
  2 troll zombies (D:10)
  4 wights (D:9)
  7 howler monkeys
  3 electric eels (D:10)
  6 crimson imps
  A bullfrog zombie (D:7)
  A quasit (D:10)
  10 hounds
  2 orc priests (D:10)
  A centaur skeleton (D:5)
  2 jellies (D:5)
  5 iguanas
  5 orc wizards
  8 worker ants
  2 killer bee zombies
  4 ogre zombies (D:10)
  A hound skeleton (D:9)
  2 worker ant zombies
  7 gnolls
  8 adders
  5 shadow imps
  A white imp (D:7)
  2 oozes
  6 adder skeletons
  3 adder zombies
  4 worms
  3 dart slugs
  5 leopard geckos
  26 orcs
  3 giant cockroaches
  7 goblins
  11 hobgoblins
  8 jackals
  2 quokkas
  A ball python (D:2)
  9 bats
  3 frilled lizards
  4 goblin zombies (D:10)
  2 hobgoblin skeletons (D:10)
  2 hobgoblin zombies (D:10)
  11 kobolds
  2 orc skeletons (D:10)
  8 orc zombies (D:10)
  A quokka skeleton (D:8)
  3 rats (D:1)
276 creatures vanquished.

Notes
Turn   | Place    | Note
-------+----------+-------------------------------------------
     0 | D:1      | GoodRolls the Tengu Fire Elementalist began the quest for the Orb.
     0 | D:1      | Reached XP level 1. HP: 10/10 MP: 4/4
   450 | D:1      | Reached XP level 2. HP: 11/15 MP: 4/6
   454 | D:1      | Learned a level 2 spell: Throw Flame
  1037 | D:2      | Found a radiant altar of Vehumet.
  1057 | D:2      | Became a worshipper of Vehumet
  1100 | D:2      | Reached XP level 3. HP: 12/19 MP: 0/7
  1171 | D:2      | Learned a level 3 spell: Conjure Flame
  1198 | D:2      | Found a glowing golden altar of the Shining One.
  1550 | D:2      | Reached skill level 5 in Conjurations
  1550 | D:2      | Reached XP level 4. HP: 19/24 MP: 4/8
  2627 | D:3      | Reached * piety under Vehumet
  2627 | D:3      | Offered knowledge of Sting by Vehumet.
  2632 | D:3      | Gained mutation: You can fly. [Tengu growth]
  2632 | D:3      | Reached XP level 5. HP: 28/28 MP: 1/10
  2704 | D:3      | Learned a level 3 spell: Inner Flame
  2939 | D:3      | Found a hide-covered altar of Uskayaw.
  2939 | D:3      | Found a burning altar of Makhleb.
  3505 | D:4      | Reached XP level 6. HP: 28/32 MP: 5/13
  3543 | D:4      | Learned a level 4 spell: Sticky Flame
  3666 | D:4      | Found a stormy altar of Qazlal.
  4028 | D:4      | Found a shadowy altar of Dithmenos.
  4182 | D:5      | Entered Level 5 of the Dungeon
  4186 | D:5      | Reached XP level 7. HP: 31/36 MP: 8/14
  4393 | D:5      | Found a staircase to the Ecumenical Temple.
  4442 | D:5      | Reached skill level 5 in Fire Magic
  4446 | D:5      | Offered knowledge of Throw Frost by Vehumet.
  4470 | Temple   | Entered the Ecumenical Temple
  4615 | D:5      | Reached ** piety under Vehumet
  4846 | D:5      | Reached XP level 8. HP: 33/41 MP: 5/15
  5548 | D:6      | Found a shattered altar of Ashenzari.
  5775 | D:6      | Offered knowledge of Static Discharge by Vehumet.
  6122 | D:7      | Noticed a hippogriff
  6128 | D:7      | Reached skill level 5 in Dodging
  6143 | D:7      | Noticed a hippogriff
  6152 | D:6      | Reached *** piety under Vehumet
  6330 | D:7      | Noticed Prince Ribbit
  6339 | D:7      | Killed Prince Ribbit
  6339 | D:7      | Reached XP level 9. HP: 45/45 MP: 7/16
  6511 | D:7      | Noticed Menkaure
  6547 | D:7      | Killed Menkaure
  6674 | D:7      | Offered knowledge of Stone Arrow by Vehumet.
  6883 | D:7      | Reached skill level 10 in Conjurations
  7071 | D:7      | Reached skill level 1 in Fighting
  7122 | D:7      | Noticed Dowan
  7229 | D:7      | Noticed Duvessa
  7265 | D:7      | Killed Duvessa
  7285 | D:7      | Killed Dowan
  7740 | D:8      | Reached XP level 10. HP: 46/57 MP: 8/17
  7860 | D:8      | Reached **** piety under Vehumet
  8189 | D:8      | You fall through a shaft for 3 floors!
  8256 | D:10     | Entered Level 10 of the Dungeon
  8525 | D:10     | Offered knowledge of Throw Icicle by Vehumet.
  8833 | D:10     | Reached skill level 5 in Spellcasting
  9057 | D:8      | Noticed a tengu warrior
  9063 | D:8      | Killed a tengu warrior
  9492 | D:9      | Noticed Maurice
  9502 | D:9      | Killed Maurice
  9502 | D:9      | Reached skill level 5 in Fighting
  9953 | D:9      | Reached XP level 11. HP: 64/64 MP: 21/21
 10062 | D:9      | Reached skill level 10 in Fire Magic
 10386 | D:9      | Reached ***** piety under Vehumet
 10601 | D:10     | Learned a level 5 spell: Fireball
 10661 | D:10     | Offered knowledge of Bolt of Draining by Vehumet.
 10914 | D:10     | Found a staircase to the Lair.
 10979 | D:10     | Noticed a manticore
 10990 | D:10     | Killed a manticore
 11178 | D:10     | Noticed Mahakala's ghost (novice TrBe)
 11584 | D:10     | Found a staircase to the Orcish Mines.
 12133 | D:11     | Noticed a cyclops
 12146 | D:11     | Killed a cyclops
 12321 | D:11     | Noticed a skeletal warrior
 12321 | D:11     | Noticed a skeletal warrior
 12322 | D:11     | Noticed a skeletal warrior
 12323 | D:11     | Noticed a skeletal warrior
 12367 | D:11     | Slain by a skeletal warrior

Vault maps used:
D:1:      dpeg_arrival_stone_temple_mockup
D:2:      vehumet_crystals, lemuel_round_altar, first_bread
D:3:      gammafunk_temple_overflow_pools
D:4:      grunt_dithmenos_shadows, grunt_qazlal_clouds
D:5:      minmay_temple_entry_statues_fountains, nicolae_ossuary_entry_plus
D:6:      corexii_shack_village, evilmike_ruin_ashenzari
D:7:      grunt_ogre_cave, minmay_fire_ice_demons, uniq_menkaure, uniq_duvessa,
          uniq_prince_ribbit1
D:8:      cheibrodos_barr_body
D:9:      fountainhead, uniq_maurice
D:10:     erik_lair_island, zombieorc1_lemuel
D:11:     lightli_orcish_oven
Temple:   eino_temple_scatter_basement

Skill      XL: |  1  2  3  4  5  6  7  8  9 10 11 |
---------------+----------------------------------+-----
Conjurations   | 2 4 5 6 7 8 10 11 | 11.1
Spellcasting   | 3 4 6 7 |  7.0
Fire Magic     | 4 6 7 8 9 11 | 11.0
Dodging        | 5 7 8 9 |  9.0
Fighting       | 4 5 6 |  6.0
Stealth        | |  2.0

Action                   |  1- 3 |  4- 6 |  7- 9 | 10-12 || total
-------------------------+-------+-------+-------+-------++-------
Melee: Unarmed           |    31 |       |       |       ||    31
       Kick              |    10 |    14 |    27 |    45 ||    96
       Peck              |     6 |     8 |    13 |    34 ||    61
       Halberd           |     1 |    59 |   147 |   228 ||   435
 Cast: Flame Tongue      |    33 |    52 |    63 |    95 ||   243
       Throw Flame       |     6 |    15 |    19 |    35 ||    75
       Sticky Flame      |       |     1 |    31 |    74 ||   106
       Conjure Flame     |       |     1 |     8 |     5 ||    14
       Inner Flame       |       |       |     2 |     2 ||     4
       Fireball          |       |       |       |     5 ||     5
Evoke: Wand              |       |       |       |     1 ||     1
  Use: Scroll            |     1 |     6 |     3 |     5 ||    15
       Potion            |       |       |       |     2 ||     2
 Stab: Sleeping          |     2 |     6 |     7 |     4 ||    19
  Eat: Chunk             |     3 |     9 |    18 |    21 ||    51
       Bread ration      |       |       |       |     2 ||     2
Armor: Robe              |     8 |     6 |    20 |    43 ||    77
Dodge: Dodged            |    37 |    41 |   169 |   345 ||   592

Table legend:
 A = Spawn XP
 B = Non-spawn XP
 C = Spawn XP percentage of total XP
 D = Spawn monster count
 E = Non-spawn monster count
 F = Spawn count percentage of total count
 G = Total turns spent on level
                    A         B        C        D         E        F      G
               +---------+---------+-------+---------+---------+-------+---------
         Total |       0 |   14392 |   0.0 |       0 |     276 |   0.0 | 12367
               +---------+---------+-------+---------+---------+-------+---------
           D:1 |       0 |      26 |   0.0 |       0 |      17 |   0.0 |   985
           D:2 |       0 |      70 |   0.0 |       0 |      18 |   0.0 |  1028
           D:3 |       0 |      93 |   0.0 |       0 |      22 |   0.0 |  1350
           D:4 |       0 |     396 |   0.0 |       0 |      16 |   0.0 |   819
           D:5 |       0 |     830 |   0.0 |       0 |      19 |   0.0 |  1065
           D:6 |       0 |     291 |   0.0 |       0 |      18 |   0.0 |   883
           D:7 |       0 |    2887 |   0.0 |       0 |      30 |   0.0 |  1546
           D:8 |       0 |    1992 |   0.0 |       0 |      32 |   0.0 |  1032
           D:9 |       0 |    2562 |   0.0 |       0 |      26 |   0.0 |  1359
          D:10 |       0 |    3307 |   0.0 |       0 |      64 |   0.0 |  1429
          D:11 |       0 |    1938 |   0.0 |       0 |      14 |   0.0 |   813
               +---------+---------+-------+---------+---------+-------+---------
